 Dungeon Crawl Stone Soup version 0.26-a0-976-gd3b5134375 (webtiles) character file.

Game seed: 8616362878374333091

10252 Kraken2834 the Severer (level 11, -2/107 HPs)
             Began as a Minotaur Berserker on Dec 5, 2020.
             Was a High Priest of Trog.
             Slain by a black mamba (8 damage)
             ... on level 1 of the Lair of Beasts.
             The game lasted 00:28:11 (12221 turns).

Kraken2834 the Severer (Minotaur Berserker)        Turns: 12221, Time: 00:28:12

Health: -2/107     AC: 12    Str: 24      XL:     11   Next: 33%
Magic:  10/10      EV: 12    Int:  3 (4)  God:    Trog [*****.]
Gold:   770        SH:  0    Dex:  8 (11) Spells: 10/10 levels left

rFire    + . .     SeeInvis .   b - +1 executioner's axe of Paper {vorpal, rPois}
rCold    + . .     Faith    +   (shield currently unavailable)
rNeg     . . .     Spirit   .   u - +2 leather armour {rPois}
rPois    +         Reflect  .   (helmet restricted)
rElec    +         Harm     +   r - scarf {harm}
rCorr    .         Rampage  .   (no gloves)
MR       ++...                  x - +0 pair of boots
Stlth    +.........             m - amulet of faith
HPRegen  1.27/turn              c - ring of protection from cold
MPRegen  0.12/turn              p - +4 ring of protection

@: lethally poisoned (-2 -> -14), berserk cooldown, regenerating, slowed, very
slow
A: retaliatory headbutt, horns 2, iridescent scales 1, deterioration 1, fire
resistance 1, electricity resistance
a: Berserk, Trog's Hand, Brothers in Arms, Renounce Religion


You were on level 1 of the Lair of Beasts.
You worshipped Trog.
Trog was extremely pleased with you.
You visited 2 branches of the dungeon, and saw 11 of its levels.

You collected 770 gold pieces.

Inventory:

Hand Weapons
 b - the +1 executioner's axe of Paper (weapon) {vorpal, rPois}
   (You acquired it on level 9 of the Dungeon)

   It inflicts extra damage upon your enemies.
   It protects you from poison.
Missiles
 d - 356 stones
Armour
 r - a scarf of harm (worn)
 u - a +2 leather armour of poison resistance (worn)
 x - a +0 pair of boots (worn)
Jewellery
 a - a cursed amulet of inaccuracy {unknown}
 c - a ring of protection from cold (left hand)
 m - an amulet of faith (around neck)
 p - a +4 ring of protection (right hand)
Wands
 k - a wand of enslavement (8)
 l - a wand of acid (12)
 s - a wand of iceblast (13)
 t - a wand of polymorph (18)
 w - a wand of paralysis (6)
 z - a wand of digging (8)
Scrolls
 j - 6 scrolls of amnesia
 n - 3 scrolls of identify
 q - a scroll of fog
 y - 4 scrolls of blinking
Potions
 e - 4 potions of heal wounds
 f - 2 potions of degeneration
 g - 2 potions of flight
 h - 2 potions of might
 i - 8 potions of curing
 o - 3 potions of invisibility
 v - a potion of berserk rage


   Skills:
 * Level 13.6 Fighting
 + Level 15.8 Axes
 - Level 2.5 Armour
 - Level 2.2 Dodging


You had 10 spell levels left.
You didn't know any spells.
Your spell library was empty.

Dungeon Overview and Level Annotations

Branches:
Dungeon (10/15)            Temple (0/1) D:6            Lair (1/6) D:8
    Orc: D:9-12

Altars:
Cheibriados
Dithmenos
Fedhas
Gozag
Hepliaklqana
Kikubaaqudgha
Qazlal
Sif Muna
Trog
Vehumet
Wu Jian
Xom
Yredelemnul

Shops:
D:8 [


Innate Abilities, Weirdness & Mutations

You reflexively headbutt those who attack you in melee.
You have a pair of horns on your head.
You are partially covered in iridescent scales. (AC +2)
Your body sometimes deteriorates upon taking damage.
Your flesh is heat resistant. (rF+)
You are resistant to electric shocks. (rElec)


Message History

You feel sick. The black mamba barely misses you. x2
The black mamba bites you!
* * * LOW HITPOINT WARNING * * *
The black mamba closely misses you. The black mamba bites you!
* * * LOW HITPOINT WARNING * * *
You are more poisoned.
The black mamba poisons you!
Your deep troll goes berserk!
You feel very sick. The black mamba bites you.
* * * LOW HITPOINT WARNING * * *
The black mamba completely misses you. The black mamba misses you.
You furiously retaliate!
You headbutt the black mamba. The black mamba bites you.
* * * LOW HITPOINT WARNING * * *
You are lethally poisoned!
The black mamba poisons you! The black mamba bites you.
* * * LOW HITPOINT WARNING * * *
The black mamba bites you!
You die...

##†##
##.##
#..#
#.##
##.# ##
#..# ..
###.#
#.##T.##
#S@..#
##S###
###


You could see 2 black mambas and a friendly deep troll (summoned, berserk).

Vanquished Creatures
  2 two-headed ogres
  A cane toad (Lair:1)
  2 komodo dragons
  5 slime creatures (D:10)
  10 yaks
  4 water moccasins (Lair:1)
  5 ice beasts
  4 orc warriors
  3 phantoms
  2 black bears
  2 ogres
  3 centaurs
  3 big kobolds
  2 bullfrogs
  An elf zombie (D:5)
  A gnoll sergeant (D:8)
  An elf skeleton (D:5)
  A wyvern skeleton (D:9)
  2 water moccasin skeletons
  8 scorpions
  9 killer bees
  9 wights
  4 howler monkeys
  A bullfrog zombie (D:10)
  A centaur zombie (D:6)
  A quasit (D:5)
  6 hounds
  11 orc priests
  A centaur skeleton (D:10)
  2 jellies
  3 bullfrog skeletons
  A human skeleton (D:5)
  An iguana (D:10)
  8 orc wizards
  7 worker ants
  18 gnolls
  A howler monkey skeleton (D:4)
  15 adders
  4 shadow imps
  5 white imps
  2 ufetubi (D:5)
  An ooze (D:4)
  2 dart slugs
  3 leopard geckos
  19 orcs
  6 bats
  7 giant cockroaches
  9 goblins
  11 hobgoblins
  25 jackals
  A quokka (D:8)
  A ball python (D:3)
  7 frilled lizards
  22 kobolds
  A leopard gecko zombie (D:8)
  3 orc skeletons (D:5)
  A quokka skeleton (D:8)
  11 rats
302 creatures vanquished.

Vanquished Creatures (others)
  An ogre (D:6)
  A bullfrog (D:6)
  A hound (D:6)
  2 orc priests (D:6)
  An orc wizard (D:6)
  An orc (D:6)
  A quokka (D:6)
  3 fungi (D:8)
  A plant (D:8)
12 creatures vanquished.

Grand Total: 314 creatures vanquished

Notes
Turn   | Place    | Note
-------+----------+-------------------------------------------
     0 | D:1      | Kraken2834 the Minotaur Berserker began the quest for the
                  | Orb.
     0 | D:1      | Reached XP level 1. HP: 19/19 MP: 0/0
   115 | D:1      | Reached XP level 2. HP: 26/27 MP: 1/1
   174 | D:1      | Reached skill level 4 in Axes
   620 | D:1      | Reached XP level 3. HP: 34/34 MP: 2/2
  1338 | D:2      | Reached ** piety under Trog
  1400 | D:2      | Reached skill level 5 in Axes
  1520 | D:2      | Reached XP level 4. HP: 35/41 MP: 3/3
  2106 | D:2      | Found an opulent altar of Gozag.
  2342 | D:2      | Noticed a shadow
  2343 | D:2      | Found a shadowy altar of Dithmenos.
  2344 | D:2      | Found a hazy altar of Hepliaklqana.
  2492 | D:3      | Reached XP level 5. HP: 46/47 MP: 4/4
  2495 | D:3      | Reached skill level 6 in Axes
  2559 | D:3      | Reached skill level 5 in Fighting
  2806 | D:3      | Found a radiant altar of Vehumet.
  2922 | D:3      | Found a bloodstained altar of Trog.
  3009 | D:3      | Gained mutation: You are partially covered in iridescent
                  | scales. (AC +2) [potion of mutation]
  3009 | D:3      | Gained mutation: Your flesh is heat resistant. (rF+)
                  | [potion of mutation]
  3009 | D:3      | Gained mutation: Your body sometimes deteriorates upon
                  | taking damage. [potion of mutation]
  3009 | D:3      | Gained mutation: You are resistant to electric shocks.
                  | (rElec) [potion of mutation]
  3245 | D:4      | Reached *** piety under Trog
  3543 | D:4      | Reached skill level 7 in Axes
  3543 | D:4      | Reached XP level 6. HP: 56/56 MP: 5/5
  3601 | D:4      | Found a blossoming altar of Fedhas.
  3986 | D:4      | Found a basalt altar of Yredelemnul.
  4107 | D:5      | Entered Level 5 of the Dungeon
  4128 | D:5      | Found a radiant altar of Vehumet.
  4519 | D:5      | Noticed an ice beast
  4527 | D:5      | Killed an ice beast
  4528 | D:5      | Reached skill level 8 in Axes
  4528 | D:5      | Reached XP level 7. HP: 64/64 MP: 6/6
  4744 | D:5      | Found a sand-covered staircase.
  4996 | D:6      | Reached skill level 9 in Axes
  5221 | D:6      | Reached **** piety under Trog
  5226 | D:6      | Reached XP level 8. HP: 74/74 MP: 7/7
  5362 | D:6      | Reached skill level 10 in Axes
  5410 | D:6      | Found a shimmering altar of Xom.
  5464 | D:6      | Found a staircase to the Ecumenical Temple.
  5836 | D:6      | Found a snail-covered altar of Cheibriados.
  5854 | D:6      | Reached skill level 11 in Axes
  6143 | D:6      | Found a stormy altar of Qazlal.
  6333 | D:7      | Reached XP level 9. HP: 66/83 MP: 8/8
  6448 | D:7      | Reached ***** piety under Trog
  6827 | D:7      | Found a blossoming altar of Fedhas.
  6913 | D:7      | Reached skill level 12 in Axes
  6936 | D:7      | Reached skill level 10 in Fighting
  7227 | D:7      | Found an ancient bone altar of Kikubaaqudgha.
  7284 | D:7      | Found an ornate altar of the Wu Jian Council.
  7701 | D:7      | Found a shimmering blue altar of Sif Muna.
  7944 | D:8      | Reached skill level 13 in Axes
  8034 | D:8      | Received a gift from Trog
  8401 | D:8      | Noticed a komodo dragon
  8410 | D:8      | Killed a komodo dragon
  8411 | D:8      | Reached XP level 10. HP: 56/96 MP: 9/9
  8678 | D:8      | Found a staircase to the Lair.
  8915 | D:8      | Noticed a two-headed ogre
  8924 | D:8      | Killed a two-headed ogre
  8979 | D:8      | Found Wiatouxoci's Armour Shop.
  9030 | D:9      | Reached skill level 14 in Axes
  9171 | D:9      | Identified a scroll of acquirement
  9171 | D:9      | Acquired the +1 executioner's axe of Paper {vorpal, rPois}
  9852 | D:9      | Received a gift from Trog
 10164 | D:10     | Entered Level 10 of the Dungeon
 10499 | D:10     | Found a snail-covered altar of Cheibriados.
 10673 | D:10     | Noticed a two-headed ogre
 10677 | D:10     | Killed a two-headed ogre
 10678 | D:10     | Reached skill level 15 in Axes
 10781 | D:10     | Reached XP level 11. HP: 77/107 MP: 10/10
 11337 | Lair:1   | Entered Level 1 of the Lair of Beasts
 12221 | Lair:1   | Slain by a black mamba

Illustrated notes

Levels and vault maps discovered:
D:1:      tarquinn_simple_flora_water_e, layout_loops_cross, feat_on_display
D:2:      layout_basic, lemuel_round_altar, riverfiend_overflow_shadow_ancestor,
          kennysheep_doodads
D:3:      layout_basic, general_overflow_altar, lightli_temple_of_fire,
          grunt_decor_one_mirror
D:4:      layout_cave_pools, lemuel_coloured_pillars_altar,
          fedhas_altar_fruit_tree
D:5:      layout_loops_cross, nicolae_ossuary_entry_catacombs, basic_altar,
          hangedman_abyss_or_decor_stagger, water_boxes_lemuel
D:6:      layout_loops_ring, cheibriados_altar_1, marbit_many_paths,
          xom_confusion_cloud, minmay_temple_entry_antechambers,
          minmay_statues_item
D:7:      layout_loops_ring, lemuel_doored_altar, kennysheep_mini_moat,
          kennysheep_mini, old_standard_altar, minmay_circle_x
D:8:      layout_layer_cave, grunt_lair_entry_orc_guard_hut, serial_shops,
          shop_statue
D:9:      layout_stronghold
D:10:     layout_stronghold, lemuel_altar_in_water
Lair:1:   minmay_guarded_unrand_snakebite, layout_regular_city

Skill      XL: |  1  2  3  4  5  6  7  8  9 10 |
---------------+-------------------------------+-----
Fighting       | 4 5 6 7 9 11 13 | 13.6
Axes           | 4 5 7 8 9 11 13 15 | 15.8
Armour         | |  2.5
Dodging        | |  2.2

Action                   |  1- 3 |  4- 6 |  7- 9 | 10-12 || total
-------------------------+-------+-------+-------+-------++-------
Melee: Hand axe          |    85 |   101 |       |       ||   186
       Headbutt          |    11 |    22 |    40 |    16 ||    89
       Battleaxe         |       |    44 |   222 |       ||   266
       Executioner's axe |       |       |    23 |   113 ||   136
Invok: Berserk           |       |     2 |     4 |     4 ||    10
       Trog's Hand       |       |       |     4 |     5 ||     9
       Brothers in Arms  |       |       |       |     1 ||     1
  Use: Scroll            |     3 |     3 |     5 |     3 ||    14
       Potion            |     3 |     9 |       |     1 ||    13
 Stab: Sleeping          |       |     3 |       |       ||     3
Armor: Animal skin       |    13 |    27 |       |       ||    40
       Leather armour    |       |     3 |    84 |    60 ||   147
Dodge: Dodged            |    58 |   112 |   174 |   101 ||   445

Table legend: (Time is in decaauts)
 A = Elapsed time spent in this place.
 B = Non-inter-level travel time spent in this place.
 C = Inter-level travel time spent in this place.
 D = Time resting spent in this place.
 E = Time spent auto-exploring this place.
 F = Levels seen in this place.
 G = Mean time per level.
                   A        B        C        D        E       F      G
               +--------+--------+--------+--------+--------+-----+--------+
         Total |  12422 |  11916 |    506 |    851 |   9312 |  11 | 1129.3 |
       Dungeon |  11529 |  11024 |    505 |    851 |   8486 |  10 | 1152.9 |
          Lair |    893 |    893 |      0 |      0 |    826 |   1 |  893.0 |
               +--------+--------+--------+--------+--------+-----+--------+

Top non-repeatable levels by time:
     D:2: 1630 daAuts
     D:7: 1541 daAuts
     D:6: 1454 daAuts
     D:8: 1315 daAuts
     D:9: 1179 daAuts
     D:3: 1054 daAuts
     D:5: 945 daAuts
    D:10: 926 daAuts
  Lair:1: 893 daAuts
     D:1: 858 daAuts
     D:4: 623 daAuts
